 Dungeon Crawl Stone Soup version 0.28-a0-1084-ga282ea246d (webtiles) character file.

Game seed: 10004700208788682038

748 Peloso the Slasher (level 7, 0/61 HPs)
             Began as a Minotaur Fighter on Dec 10, 2021.
             Succumbed to a water moccasin's poison
             ... on level 5 of the Dungeon.
             The game lasted 00:06:35 (3005 turns).

Peloso the Slasher (Minotaur Fighter)               Turns: 3005, Time: 00:06:35

Health: 0/61       AC: 12    Str: 20    XL:     7   Next: 48%
Magic:  6/6        EV:  8    Int:  5    God:
Gold:   362        SH:  5    Dex: 12    Spells: 6/6 levels left

rFire   . . .      SeeInvis .   a - +1 long sword (protect)
rCold   . . .      Faith    .   c - +0 buckler
rNeg    . . .      Spirit   .   p - +0 chain mail
rPois   .          Reflect  .   (helmet restricted)
rElec   .          Harm     .   (no cloak)
rCorr   .          Rampage  .   o - +0 pair of gloves
Will    .....                   g - +0 pair of boots
Stlth   ..........              (no amulet)
HPRegen 0.20/turn               (no ring)
MPRegen 0.10/turn               (no ring)

@: lethally poisoned (0 -> -9)
A: horns 2, retaliatory headbutt
a: no special abilities


You were on level 5 of the Dungeon.
You visited 1 branch of the dungeon, and saw 5 of its levels.

You collected 440 gold pieces.
You spent 78 gold pieces at shops.

Inventory:

Hand Weapons
 a - a +1 long sword of protection (weapon)
Armour
 b - a +0 scale mail
 c - a +0 buckler (worn)
 g - a +0 pair of boots (worn)
 o - a +0 pair of gloves (worn)
 p - a +0 chain mail (worn)
Jewellery
 n - an amulet of guardian spirit
Wands
 r - a wand of digging (3)
 t - a wand of iceblast (5)
Scrolls
 e - a scroll of brand weapon
 f - 2 scrolls of magic mapping
 h - a scroll of fog
 i - a scroll of blinking
 j - 2 scrolls of enchant weapon
 l - 2 scrolls of amnesia {unknown}
 q - a scroll of noise
 v - a scroll of identify
 w - a scroll of enchant armour {unknown}
Potions
 d - 2 potions of might
 k - a potion of mutation
 s - a potion of cancellation {unknown}
 u - a potion of heal wounds {unknown}


   Skills:
 + Level 5.1 Fighting
 + Level 6.7 Long Blades
 + Level 5.9 Armour
 + Level 2.2 Dodging
 + Level 0.3 Stealth
 + Level 5.2 Shields


You had 6 spell levels left.
You didn't know any spells.
Your spell library contained the following spells:

 Spells                   Type           Power      Damage    Failure   Level
 Magic Dart               Conj           0%         1d3       99%         1
 Call Imp                 Summ           0%         N/A       100%        2
 Conjure Flame            Conj/Fire      0%         6-21      100%        3
 Ignite Poison            Fire/Tmut/Pois 0%         N/A       100%        3
 Mephitic Cloud           Conj/Pois/Air  0%         N/A       100%        3
 Sticky Flame             Conj/Fire      0%         2d3       100%        4
 Summon Forest            Summ/Tloc      0%         N/A       100%        5
 Summon Mana Viper        Hex/Summ       0%         N/A       100%        5
 Summon Cactus Giant      Summ           0%         N/A       100%        6


Dungeon Overview and Level Annotations

Branches:
Dungeon (5/15)
 Temple: D:4-7

Altars:

Shops:
D:3 ?


Innate Abilities, Weirdness & Mutations

You have a pair of horns on your head.
You reflexively headbutt those who attack you in melee.


Message History

You miss the water moccasin. You headbutt the water moccasin!
The water moccasin is moderately wounded.
The water moccasin bites you.
You are poisoned.
The water moccasin poisons you!
You barely miss the water moccasin. You headbutt the water moccasin!
The water moccasin is severely wounded.
You feel very sick. The water moccasin bites you.
You are more poisoned.
The water moccasin poisons you! The water moccasin bites you!
* * * LOW HITPOINT WARNING * * *
You feel very sick. The water moccasin bites you!
* * * LOW HITPOINT WARNING * * *
Unknown command.
It was a potion of curing.
You feel better. The water moccasin bites you.
* * * LOW HITPOINT WARNING * * *
You are poisoned.
The water moccasin poisons you!
A jelly comes into view.
Unknown command.
You feel very sick. The water moccasin misses you.
You feel sick.
You feel sick.
The water moccasin bites you but does no damage.
You feel sick.
You feel sick.
The water moccasin bites you but does no damage.
You feel sick.
You feel sick.
You feel sick. The water moccasin barely misses you.
You feel sick.
You are no longer poisoned.
The water moccasin bites you.
* * * LOW HITPOINT WARNING * * *
You are lethally poisoned!
The water moccasin poisons you!
You die...

..........Zc#
#######.###.####
#.# #....####.##
#.# ####c.......
#.### #.#######
#...# #l# #.#.#
#.#
###.#.####c####
#...<@.S.l....#
#.###.####.##.....
#. #.# #.# #### #
#.# #.# #.# #.#
... ..# #.# ...
#.# ..


You could see a water moccasin, a centaur and an iguana.

Vanquished Creatures
  A black bear (D:3)
  3 ogres (D:4)
  A scorpion (D:4)
  An orc priest (D:3)
  A hound (D:3)
  Terence (D:3)
  2 iguanas (D:4)
  Natasha (thrice) (D:3)
  A hound skeleton (D:3)
  4 gnolls
  2 adders (D:3)
  A white imp (D:3)
  2 worms
  3 dart slugs (D:3)
  2 orcs (D:3)
  4 endoplasms
  4 giant cockroaches
  7 goblins
  6 hobgoblins
  A quokka (D:3)
  5 ball pythons
  5 bats
  5 frilled lizards
  6 kobolds
  4 rats
75 creatures vanquished.

Notes
Turn   | Place    | Note
-------+----------+-------------------------------------------
     0 | D:1      | Peloso the Minotaur Fighter began the quest for the Orb.
     0 | D:1      | Reached XP level 1. HP: 19/19 MP: 0/0
   322 | D:1      | Reached XP level 2. HP: 27/27 MP: 1/1
   463 | D:1      | Found a faded altar of an unknown god.
   671 | D:2      | Identified a scroll of acquirement
  1042 | D:3      | Noticed Natasha
  1048 | D:3      | Killed Natasha
  1049 | D:3      | Reached XP level 3. HP: 31/33 MP: 2/2
  1102 | D:3      | Reached skill level 3 in Long Blades
  1162 | D:3      | Noticed Natasha
  1174 | D:3      | Killed Natasha
  1175 | D:3      | Reached XP level 4. HP: 27/40 MP: 3/3
  1283 | D:3      | Found Woseif's Magic Scroll Emporium.
  1297 | D:3      | Reached skill level 1 in Dodging
  1297 | D:3      | Reached XP level 5. HP: 40/47 MP: 4/4
  1307 | D:3      | Acquired 265 gold pieces
  1315 | D:3      | Bought a scroll of identify for 24 gold pieces
  1315 | D:3      | Bought a scroll of magic mapping for 42 gold pieces
  1315 | D:3      | Bought a scroll of noise for 12 gold pieces
  1388 | D:3      | Reached skill level 4 in Long Blades
  1437 | D:3      | Noticed Natasha
  1463 | D:3      | Killed Natasha
  1481 | D:3      | Noticed Terence
  1492 | D:3      | Killed Terence
  1493 | D:3      | Reached skill level 5 in Long Blades
  1746 | D:4      | Noticed a black bear
  1746 | D:4      | Noticed an ogre
  1756 | D:3      | Killed a black bear
  1757 | D:3      | Reached skill level 5 in Shields
  1757 | D:3      | Reached XP level 6. HP: 34/53 MP: 5/5
  2402 | D:4      | Reached skill level 6 in Long Blades
  2402 | D:4      | Reached skill level 5 in Armour
  2402 | D:4      | Reached XP level 7. HP: 59/60 MP: 6/6
  2596 | D:4      | Reached skill level 5 in Fighting
  2975 | D:5      | Entered Level 5 of the Dungeon
  3004 | D:5      | HP: 3/61 [water moccasin (3)]
  3005 | D:5      | Succumbed to a water moccasin's poison

Illustrated notes

Levels and vault maps discovered:
D:1:      giann_wishing_wells, layout_rooms, ebering_ecumenical_altar_abandoned,
          minivault_14
D:2:      layout_rooms
D:3:      layout_basic, serial_shops, shop_fountains, uniq_terence, uniq_natasha
D:4:      layout_rooms
D:5:      layout_loops_ring, minmay_temple_entry_purple_smoke,
          nicolae_ossuary_entry_false_entrances

Skill      XL: |  1  2  3  4  5  6  7 |
---------------+----------------------+-----
Armour         | 4 5 |  5.9
Shields        | 4 5 |  5.2
Fighting       | 4 5 |  5.1
Long Blades    | 3 5 6 |  6.7
Dodging        | 1 2 |  2.2
Stealth        | |  0.3

Action                   |  1- 3 |  4- 6 |  7- 9 || total
-------------------------+-------+-------+-------++-------
Melee: Long sword        |    69 |    85 |    35 ||   189
       Headbutt          |     7 |    22 |     7 ||    36
  Use: Scroll            |     6 |     3 |       ||     9
       Potion            |       |       |     1 ||     1
Armor: Scale mail        |    37 |       |       ||    37
       Chain mail        |       |    41 |    24 ||    65
Dodge: Dodged            |    47 |    39 |     8 ||    94
Block: Buckler           |    21 |    21 |     4 ||    46

Table legend: (Time is in decaauts)
 A = Elapsed time spent in this place.
 B = Non-inter-level travel time spent in this place.
 C = Inter-level travel time spent in this place.
 D = Time resting spent in this place.
 E = Time spent auto-exploring this place.
 F = Levels seen in this place.
 G = Mean time per level.
                   A        B        C        D        E       F      G
               +--------+--------+--------+--------+--------+-----+--------+
         Total |   3054 |   2979 |     75 |    265 |   1977 |   5 |  610.8 |
       Dungeon |   3054 |   2979 |     75 |    265 |   1977 |   5 |  610.8 |
               +--------+--------+--------+--------+--------+-----+--------+

Top non-repeatable levels by time:
     D:3: 1064 daAuts
     D:4: 905 daAuts
     D:1: 633 daAuts
     D:2: 421 daAuts
     D:5: 29 daAuts
